[Event "GambitGuide"]
[Site "Internet Chess Club"]
[Date "2014.10.31"]
[Round "1"]
[White "JSBach"]
[Black "northbrew"]
[Result "1-0"]
[ICCResult "Black resigns"]
[WhiteElo "1660"]
[BlackElo "1713"]
[Opening "Vienna: `Frankenstein-Dracula' variation"]
[ECO "C27"]
[NIC "VG.02"]
[Time "13:50:09"]
[TimeControl "120+12"]

1. e4 e5 2. Nc3 Nf6 3. Bc4 Nxe4 4. Qh5 Nd6 5. Bb3 Nc6 6. Nb5 g6 7. Qf3 f5 8.
Qd5 Qe7 9. Nxc7+ Kd8 10. Nxa8 b6 11. d3 Bb7 12. Nxb6 axb6 13. Qf3 e4 14.
dxe4 Nxe4 15. Be3 Bg7 16. Bxb6+ Kc8 17. Qe3 Re8 18. c3 Qf6 19. Ne2 Ne5 20.
O-O Ng4 21. Qd4 Qe7 22. Qc4+ Bc6 23. Rae1 Qh4 24. h3 Ne5 25. Qa6+ Bb7 26.
Qb5 Re6 27. Bxe6 dxe6 28. Qe8+ {Black resigns} 1-0

[Event "GambitGuide"]
[Site "Internet Chess Club"]
[Date "2014.10.31"]
[Round "1"]
[White "JSBach"]
[Black "northbrew"]
[Result "1-0"]
[ICCResult "Black resigns"]
[WhiteElo "1660"]
[BlackElo "1713"]
[Opening "Vienna: `Frankenstein-Dracula' variation"]
[ECO "C27"]
[NIC "VG.02"]
[Time "13:53:21"]
[TimeControl "120+12"]

1. e4 e5 2. Nc3 Nf6 3. Bc4 Nxe4 4. Qh5 Nd6 5. Bb3 Nc6 6. Nb5 g6 7. Qf3 f5 8.
Qd5 Qe7 9. Nxc7+ Kd8 10. Nxa8 b6 11. d3 Bb7 12. Nxb6 axb6 13. Qf3 e4 14.
dxe4 Qxe4+ 15. Be3 Qxf3 16. Bxb6+ Kc8 17. Nxf3 Bg7 18. O-O-O Ne4 19. Rhe1
Nxf2 20. Bxf2 {Black resigns} 1-0

[Event "GambitGuide"]
[Site "Internet Chess Club"]
[Date "2014.10.31"]
[Round "1"]
[White "JSBach"]
[Black "ComfortablyNumb"]
[Result "0-1"]
[ICCResult "White checkmated"]
[WhiteElo "1660"]
[BlackElo "1704"]
[Opening "Vienna: `Frankenstein-Dracula' variation"]
[ECO "C27"]
[NIC "VG.02"]
[Time "13:51:27"]
[TimeControl "120+12"]

1. e4 e5 2. Nc3 Nf6 3. Bc4 Nxe4 4. Qh5 Nd6 5. Bb3 Nc6 6. Nb5 g6 7. Qf3 f5 8.
Qd5 Qe7 9. Nxc7+ Kd8 10. Nxa8 b6 11. d3 Bb7 12. Nxb6 axb6 13. Qf3 Bg7 14.
Be3 e4 15. Bxb6+ Kc8 16. Qe3 Bxb2 17. Rb1 Bc3+ 18. Kf1 Re8 19. Bd5 f4 20.
Qxf4 exd3 21. Nf3 dxc2 22. Rc1 Qe2+ 23. Kg1 Qd1+ 24. Rxd1 cxd1=Q+ 25. Ne1
Rxe1# {White checkmated} 0-1

[Event "GambitGuide"]
[Site "Internet Chess Club"]
[Date "2014.10.31"]
[Round "1"]
[White "JSBach"]
[Black "lioric"]
[Result "1-0"]
[ICCResult "Black checkmated"]
[WhiteElo "1660"]
[BlackElo "1579"]
[Opening "Vienna: `Frankenstein-Dracula' variation"]
[ECO "C27"]
[NIC "VG.02"]
[Time "13:52:38"]
[TimeControl "120+12"]

1. e4 e5 2. Nc3 Nf6 3. Bc4 Nxe4 4. Qh5 Nd6 5. Bb3 Nc6 6. Nb5 g6 7. Qf3 f5 8.
Qd5 Qe7 9. Nxc7+ Kd8 10. Nxa8 b6 11. d3 e4 12. dxe4 Nxe4 13. Be3 f4 14. f3
Nf6 15. Qf7 Qxe3+ 16. Kf1 Ba6+ 17. Bc4 Bc5 18. Qxf6+ Kc8 19. Bxa6+ Kb8 20.
Qxh8+ Nd8 21. Qxd8# {Black checkmated} 1-0

[Event "GambitGuide"]
[Site "Internet Chess Club"]
[Date "2014.10.31"]
[Round "1"]
[White "JSBach"]
[Black "TiredDad"]
[Result "1-0"]
[ICCResult "Black resigns"]
[WhiteElo "1660"]
[BlackElo "1400"]
[Opening "Vienna: `Frankenstein-Dracula' variation"]
[ECO "C27"]
[NIC "VG.02"]
[Time "13:53:36"]
[TimeControl "120+12"]

1. e4 e5 2. Nc3 Nf6 3. Bc4 Nxe4 4. Qh5 Nd6 5. Bb3 Nc6 6. Nb5 g6 7. Qf3 f5 8.
Qd5 Qe7 9. Nxc7+ Kd8 10. Nxa8 b6 11. d3 Bb7 12. Nxb6 axb6 13. Qf3 g5 14. Qe3
Kc7 15. Qxg5 Qe8 16. Be3 h6 17. Qf6 Be7 18. Qg7 f4 19. Bd2 Nf5 20. Qg4 Qf7
21. Bxf7 {Black resigns} 1-0

[Event "GambitGuide"]
[Site "Internet Chess Club"]
[Date "2014.10.31"]
[Round "1"]
[White "JSBach"]
[Black "lioric"]
[Result "1-0"]
[ICCResult "Black resigns"]
[WhiteElo "1660"]
[BlackElo "1579"]
[Opening "Vienna: `Frankenstein-Dracula' variation"]
[ECO "C27"]
[NIC "VG.02"]
[Time "13:54:31"]
[TimeControl "120+12"]

1. e4 e5 2. Nc3 Nf6 3. Bc4 Nxe4 4. Qh5 Nd6 5. Bb3 Nc6 6. Nb5 g6 7. Qf3 f5 8.
Qd5 Qe7 9. Nxc7+ Kd8 10. Nxa8 b6 11. d3 e4 12. dxe4 Nxe4 13. Be3 f4 14. Nxb6
axb6 15. Bxb6+ Ke8 16. Kf1 Ba6+ 17. c4 Bb7 18. Re1 Qb4 19. Rxe4+ {Black
resigns} 1-0

[Event "GambitGuide"]
[Site "Internet Chess Club"]
[Date "2014.10.31"]
[Round "1"]
[White "JSBach"]
[Black "luckypawns"]
[Result "1-0"]
[ICCResult "Black resigns"]
[WhiteElo "1660"]
[BlackElo "1815"]
[Opening "Vienna: `Frankenstein-Dracula' variation"]
[ECO "C27"]
[NIC "VG.02"]
[Time "13:53:04"]
[TimeControl "120+12"]

1. e4 e5 2. Nc3 Nf6 3. Bc4 Nxe4 4. Qh5 Nd6 5. Bb3 Nc6 6. Nb5 g6 7. Qf3 f5 8.
Qd5 Qe7 9. Nxc7+ Kd8 10. Nxa8 b6 11. d3 Bb7 12. Nxb6 axb6 13. Qf3 Nd4 14.
Qg3 Bg7 15. Bg5 Bf6 16. Bxf6 Qxf6 17. Ba4 g5 18. c3 Nc6 19. Qe3 Kc7 20. Rd1
b5 21. Bb3 e4 22. Bd5 exd3 23. Qc5 Qe5+ 24. Kf1 Ne4 25. Qxb5 Qf4 26. Nh3 Qe5
27. Rxd3 g4 28. Bxc6 Bxc6 29. Qxe5+ {Black resigns} 1-0

[Event "GambitGuide"]
[Site "Internet Chess Club"]
[Date "2014.10.31"]
[Round "1"]
[White "JSBach"]
[Black "AngryWhopper"]
[Result "1-0"]
[ICCResult "Black resigns"]
[WhiteElo "1660"]
[BlackElo "2116"]
[Opening "Vienna: `Frankenstein-Dracula' variation"]
[ECO "C27"]
[NIC "VG.02"]
[Time "13:51:38"]
[TimeControl "120+12"]

1. e4 e5 2. Nc3 Nf6 3. Bc4 Nxe4 4. Qh5 Nd6 5. Bb3 Nc6 6. Nb5 g6 7. Qf3 f5 8.
Qd5 Qe7 9. Nxc7+ Kd8 10. Nxa8 b6 11. d3 Bb7 12. Nxb6 axb6 13. Qf3 e4 14. Qe3
Kc7 15. d4 Nb5 16. c3 Na5 17. Ba4 Nd6 18. Qf4 h6 19. Ne2 g5 20. Qe5 Qxe5 21.
dxe5 Nf7 22. Nd4 f4 23. e6 dxe6 24. Nxe6+ Kd6 25. Nd4 Ke5 26. Be8 Nd6 27.
Bd7 Be7 28. Bd2 Nac4 29. Bc1 Rd8 30. Bg4 Rh8 31. O-O h5 32. Be2 g4 33. b3
Na5 34. Rd1 f3 35. gxf3 gxf3 36. Bxf3 exf3 37. Kf1 Rg8 38. Bh6 Kf6 39. Bf4
Ba6+ 40. c4 Ndxc4 41. bxc4 Nxc4 42. Bg3 Kf7 43. Re1 Nd2+ 44. Kg1 h4 45. Nf5
Be2 46. Nh6+ Kf8 47. Nxg8 hxg3 48. Nxe7 g2 49. Nd5 Ne4 50. Nxb6 Ng5 51. Nd7+
Kg7 52. h4 Nh3+ 53. Kh2 Nxf2 54. Rxe2 {Black resigns} 1-0

[Event "GambitGuide"]
[Site "Internet Chess Club"]
[Date "2014.10.31"]
[Round "1"]
[White "JSBach"]
[Black "fearlessone"]
[Result "1-0"]
[ICCResult "Black resigns"]
[WhiteElo "1660"]
[BlackElo "1812"]
[Opening "Vienna: `Frankenstein-Dracula' variation"]
[ECO "C27"]
[NIC "VG.02"]
[Time "13:48:28"]
[TimeControl "120+12"]

1. e4 e5 2. Nc3 Nf6 3. Bc4 Nxe4 4. Qh5 Nd6 5. Bb3 Nc6 6. Nb5 g6 7. Qf3 f5 8.
Qd5 Qe7 9. Nxc7+ Kd8 10. Nxa8 b6 11. d3 Bb7 12. Nxb6 axb6 13. Qf3 Nd4 14.
Qg3 Nxb3 15. axb3 Bg7 16. Be3 f4 17. Bxb6+ Kc8 18. Qg4 e4 19. d4 e3 20. f3
Nf5 21. Bc5 d6 22. Ba3 Bxd4 23. Qxf4 Be5 24. Qc4+ Kb8 25. Kf1 Rc8 26. Qd3
Nd4 27. c4 Qf6 28. Qxe3 Nc2 29. Bxd6+ Qxd6 30. Qa7+ Kc7 31. Qa5+ Kd7 32.
Qb5+ Bc6 33. Ra7+ Rc7 34. Rxc7+ Kxc7 35. Qa5+ Kc8 36. Qa6+ Kd8 37. Qb6+ Ke7
38. Qa7+ Kf6 39. Ke2 Bd4 40. Qxh7 Qe5+ 41. Kd2 Nb4 42. Qh8+ Ke6 43. Qxe5+
Bxe5 44. Ne2 Bxb2 45. Nc3 Bxc3+ 46. Kxc3 Na6 47. Re1+ Kf7 48. b4 Bd7 49. b5
Nc5 50. Kd4 Ne6+ 51. Ke3 Nc5 52. b6 Bc6 53. Kd4 Ne6+ 54. Ke5 Bb7 55. Kd6
{Black resigns}
1-0

[Event "GambitGuide"]
[Site "Internet Chess Club"]
[Date "2014.10.31"]
[Round "1"]
[White "JSBach"]
[Black "nsideurheadbro"]
[Result "1-0"]
[ICCResult "Black resigns"]
[WhiteElo "1660"]
[BlackElo "1184"]
[Opening "Vienna: `Frankenstein-Dracula' variation"]
[ECO "C27"]
[NIC "VG.02"]
[Time "13:53:29"]
[TimeControl "120+12"]

1. e4 e5 2. Nc3 Nf6 3. Bc4 Nxe4 4. Qh5 Nd6 5. Bb3 Nc6 6. Nb5 g6 7. Qf3 f5 8.
Qd5 Qe7 9. Nxc7+ Kd8 10. Nxa8 b6 11. d3 Bb7 12. Nxb6 axb6 13. Qf3 Nd4 14.
Qg3 f4 15. Qh3 N6f5 16. c3 Ne6 17. Nf3 e4 18. Ne5 exd3 19. Nxg6 Ng5+ 20.
Nxe7 Nxh3 21. Nxf5 Bxg2 22. Rf1 f3 23. Be3 Bc5 24. Nh6 Bxe3 25. Nf7+ Kc7 26.
Nxh8 d2+ 27. Kd1 Nxf2+ 28. Rxf2 Bxf2 29. Kxd2 Bc5 30. Bd5 Kd6 31. c4 h5 32.
Nf7+ Ke7 33. Ng5 Kf6 34. Nxf3 Bb4+ 35. Kd3 h4 36. Nxh4 Bxd5 37. cxd5 Ke5 38.
Kc4 Be7 39. Ng6+ {Black resigns} 1-0

[Event "GambitGuide"]
[Site "Internet Chess Club"]
[Date "2014.10.31"]
[Round "1"]
[White "JSBach"]
[Black "Fifo25"]
[Result "1-0"]
[ICCResult "Black resigns"]
[WhiteElo "1660"]
[BlackElo "1509"]
[Opening "Vienna: `Frankenstein-Dracula' variation"]
[ECO "C27"]
[NIC "VG.02"]
[Time "13:50:10"]
[TimeControl "120+12"]

1. e4 e5 2. Nc3 Nf6 3. Bc4 Nxe4 4. Qh5 Nd6 5. Bb3 Nc6 6. Nb5 g6 7. Qf3 f5 8.
Qd5 Qe7 9. Nxc7+ Kd8 10. Nxa8 b6 11. d3 Bb7 12. Nxb6 axb6 13. Qf3 Nd4 14.
Qg3 f4 15. Qg4 N6f5 16. Ne2 Nxe2 17. Kxe2 Nd4+ 18. Ke1 g5 19. Bd2 h5 20. Qd1
Bxg2 21. Rg1 Bf3 22. Qb1 Bg4 23. Bd5 Qc5 24. c4 Bg7 25. b4 Qd6 26. h3 Bf3
27. Rxg5 Bf6 28. Rg6 Bxd5 29. cxd5 Qxd5 30. Bxf4 exf4 31. Kd1 Qf3+ 32. Kd2
Qxf2+ 33. Kd1 Qe2+ 34. Kc1 Qe1+ 35. Kb2 Qd2+ 36. Ka3 Qc3+ 37. Ka4 b5+ 38.
Ka5 Qa3+ 39. Kb6 Be5 40. Qg1 Bc7+ 41. Kb7 Nf3 42. Rg8+ Rxg8 43. Qxg8+ Ke7
44. Qg7+ Ke6 45. Qg6+ Ke7 46. Qg7+ Ke6 47. Qh6+ Kf5 48. Qxh5+ Kf6 49. Qxf3
Qb3 50. axb3 {Black resigns} 1-0

[Event "GambitGuide"]
[Site "Internet Chess Club"]
[Date "2014.10.31"]
[Round "1"]
[White "JSBach"]
[Black "Fifo25"]
[Result "1-0"]
[ICCResult "Black checkmated"]
[WhiteElo "1660"]
[BlackElo "1509"]
[Opening "Vienna: `Frankenstein-Dracula' variation"]
[ECO "C27"]
[NIC "VG.02"]
[Time "13:57:47"]
[TimeControl "120+12"]

1. e4 e5 2. Nc3 Nf6 3. Bc4 Nxe4 4. Qh5 Nd6 5. Bb3 Nc6 6. Nb5 g6 7. Qf3 f5 8.
Qd5 Qe7 9. Nxc7+ Kd8 10. Nxa8 b6 11. d3 Bb7 12. Nxb6 axb6 13. Qf3 Nd4 14.
Qh3 f4 15. Ba4 Qg5 16. Qxd7# {Black checkmated} 1-0

[Event "GambitGuide"]
[Site "Internet Chess Club"]
[Date "2014.10.31"]
[Round "1"]
[White "JSBach"]
[Black "lioric"]
[Result "1-0"]
[ICCResult "Black resigns"]
[WhiteElo "1665"]
[BlackElo "1579"]
[Opening "Vienna: `Frankenstein-Dracula' variation"]
[ECO "C27"]
[NIC "VG.02"]
[Time "13:55:12"]
[TimeControl "120+12"]

1. e4 e5 2. Nc3 Nf6 3. Bc4 Nxe4 4. Qh5 Nd6 5. Bb3 Nc6 6. Nb5 g6 7. Qf3 f5 8.
Qd5 Qe7 9. Nxc7+ Kd8 10. Nxa8 b6 11. d3 e4 12. dxe4 Nxe4 13. Be3 f4 14. Nxb6
fxe3 15. O-O-O axb6 16. Qxc6 Nd2 17. Qxb6+ Ke8 18. Qxe3 Qxe3 19. fxe3 Ne4
20. Rf1 Bh6 21. Bf7+ Ke7 22. Kd1 Rf8 23. a4 Rxf7 24. Rxf7+ Kxf7 25. Ke2 Ke6
26. b3 d5 27. a5 Ba6+ 28. Kf3 Nd2+ 29. Kg4 Bxe3 30. Kg3 Ne4+ 31. Kf3 Bg5 32.
Ne2 Nd2+ 33. Kg4 h6 34. Nf4+ Bxf4 35. Kxf4 d4 36. Re1+ Kd5 37. Re5+ Kd6 38.
b4 Nc4 39. Re8 Bb5 40. Rd8+ Bd7 41. a6 Nb6 42. a7 Kc7 43. a8=Q Nxa8 44. Rxa8
Bc6 45. Rg8 g5+ 46. Ke5 Bxg2 47. Rf8 Kc6 48. Rf2 Bh3 49. Kxd4 h5 50. c4 h4
51. b5+ Kc7 52. c5 g4 53. b6+ Kc6 54. Rf6+ Kb5 55. b7 {Black resigns} 1-0

[Event "GambitGuide"]
[Site "Internet Chess Club"]
[Date "2014.10.31"]
[Round "1"]
[White "JSBach"]
[Black "luckypawns"]
[Result "0-1"]
[ICCResult "White checkmated"]
[WhiteElo "1665"]
[BlackElo "1815"]
[Opening "Vienna: `Frankenstein-Dracula' variation"]
[ECO "C27"]
[NIC "VG.02"]
[Time "13:55:40"]
[TimeControl "120+12"]

1. e4 e5 2. Nc3 Nf6 3. Bc4 Nxe4 4. Qh5 Nd6 5. Bb3 Nc6 6. Nb5 g6 7. Qf3 f5 8.
Qd5 Qe7 9. Nxc7+ Kd8 10. Nxa8 b6 11. d3 Bb7 12. Nxb6 axb6 13. Qf3 Nd4 14.
Qg3 Bg7 15. Bg5 Bf6 16. Bxf6 Qxf6 17. Ba4 b5 18. Bb3 h5 19. c3 f4 20. Qh3 g5
21. cxd4 g4 22. Rc1 gxh3 23. Nxh3 Bxg2 24. dxe5 Qxe5+ 25. Kd2 Bxh3 26. Rc3
Re8 27. Rc2 Bf5 28. Rg1 Qe2+ 29. Kc1 Qxd3 30. Rd1 Qf3 31. Rc3 Qxf2 32. Rxd6
Re1+ 33. Bd1 Bg4 34. h3 Bxd1 35. Rxd1 Rxd1+ 36. Kxd1 f3 37. Ra3 Qe2+ 38. Kc1
f2 39. Ra8+ Kc7 40. Rf8 f1=Q+ 41. Rxf1 Qxf1+ 42. Kd2 Qxh3 43. b4 Qa3 44. Kd1
Qxb4 45. Ke2 Qb2+ 46. Kf3 Qxa2 47. Ke3 Qc2 48. Kd4 b4 49. Ke3 b3 50. Kf3 b2
51. Kg3 b1=Q 52. Kh4 Qb4+ 53. Kg5 Qg4+ 54. Kf6 Qcf5+ 55. Ke7 Qe6+ 56. Kf8
Qgg8# {White checkmated} 0-1

[Event "GambitGuide"]
[Site "Internet Chess Club"]
[Date "2014.10.31"]
[Round "1"]
[White "JSBach"]
[Black "lioric"]
[Result "1-0"]
[ICCResult "Black checkmated"]
[WhiteElo "1665"]
[BlackElo "1579"]
[Opening "Vienna: `Frankenstein-Dracula' variation"]
[ECO "C27"]
[NIC "VG.02"]
[Time "13:58:28"]
[TimeControl "120+12"]

1. e4 e5 2. Nc3 Nf6 3. Bc4 Nxe4 4. Qh5 Nd6 5. Bb3 Nc6 6. Nb5 g6 7. Qf3 f5 8.
Qd5 Qe7 9. Nxc7+ Kd8 10. Nxa8 b6 11. d3 e4 12. dxe4 Nxe4 13. Be3 f4 14. Nxb6
fxe3 15. O-O-O Nxf2 16. Qxc6 Nxd1 17. Qxc8# {Black checkmated} 1-0

[Event "GambitGuide"]
[Site "Internet Chess Club"]
[Date "2014.10.31"]
[Round "1"]
[White "JSBach"]
[Black "senya"]
[Result "1-0"]
[ICCResult "Black checkmated"]
[WhiteElo "1665"]
[BlackElo "1184"]
[Opening "Vienna: `Frankenstein-Dracula' variation"]
[ECO "C27"]
[NIC "VG.02"]
[Time "13:54:01"]
[TimeControl "120+12"]

1. e4 e5 2. Nc3 Nf6 3. Bc4 Nxe4 4. Qh5 Nd6 5. Bb3 Nc6 6. Nb5 g6 7. Qf3 f5 8.
Qd5 Qe7 9. Nxc7+ Kd8 10. Nxa8 b6 11. d3 Bb7 12. Nxb6 axb6 13. Qf3 Nd4 14.
Qh3 f4 15. Ba4 b5 16. Bb3 g5 17. Bd2 h5 18. Ba5+ Kc8 19. f3 Bg7 20. Bb6 Bf6
21. Bc5 h4 22. Rc1 Rh7 23. c4 Rg7 24. cxb5 g4 25. Bxd6+ Kd8 26. Bxe7+ Kxe7
27. fxg4 e4 28. Rc7 e3 29. Rxb7 Nxb3 30. axb3 Bxb2 31. Nf3 Bc3+ 32. Ke2 Bf6
33. g5 Bxg5 34. Qxd7+ Kf8 35. Qxg7+ Ke8 36. Qh8# {Black checkmated} 1-0

[Event "GambitGuide"]
[Site "Internet Chess Club"]
[Date "2014.10.31"]
[Round "1"]
[White "JSBach"]
[Black "lioric"]
[Result "1-0"]
[ICCResult "Black resigns"]
[WhiteElo "1665"]
[BlackElo "1579"]
[Opening "Vienna: `Frankenstein-Dracula' variation"]
[ECO "C27"]
[NIC "VG.02"]
[Time "13:59:05"]
[TimeControl "120+12"]

1. e4 e5 2. Nc3 Nf6 3. Bc4 Nxe4 4. Qh5 Nd6 5. Bb3 Nc6 6. Nb5 g6 7. Qf3 f5 8.
Qd5 Qe7 9. Nxc7+ Kd8 10. Nxa8 b6 11. d3 Nb4 12. Qf3 e4 13. dxe4 Nxe4 14. Be3
Bb7 15. Nxb6 axb6 16. Qf4 Bg7 17. Qb8+ Bc8 18. Bxb6+ Ke8 19. Qxc8+
{Black resigns}
1-0

[Event "GambitGuide"]
[Site "Internet Chess Club"]
[Date "2014.10.31"]
[Round "1"]
[White "JSBach"]
[Black "airantrobo"]
[Result "1-0"]
[ICCResult "Black resigns"]
[WhiteElo "1665"]
[BlackElo "1346"]
[Opening "Vienna: `Frankenstein-Dracula' variation"]
[ECO "C27"]
[NIC "VG.02"]
[Time "13:59:03"]
[TimeControl "120+12"]

1. e4 e5 2. Nc3 Nf6 3. Bc4 Nxe4 4. Qh5 Nd6 5. Bb3 Nc6 6. Nb5 g6 7. Qf3 f5 8.
Qd5 Qe7 9. Nxc7+ Kd8 10. Nxa8 b6 11. d3 Bb7 12. Nxb6 axb6 13. Qf3 Nd4 14.
Qh3 Nxb3 15. axb3 e4 16. d4 Nb5 17. Ne2 Bg7 18. Qg3 Nxd4 19. Qb8+ Bc8 20.
Qxb6+ Ke8 21. Nxd4 e3 22. Bxe3 f4 23. Qc7 Kf7 24. Qxf4+ Bf6 25. O-O Kg7 26.
Rfe1 Qb4 27. Nf5+ {Black resigns} 1-0

[Event "GambitGuide"]
[Site "Internet Chess Club"]
[Date "2014.10.31"]
[Round "1"]
[White "JSBach"]
[Black "luckypawns"]
[Result "0-1"]
[ICCResult "White checkmated"]
[WhiteElo "1665"]
[BlackElo "1815"]
[Opening "Vienna: `Frankenstein-Dracula' variation"]
[ECO "C27"]
[NIC "VG.02"]
[Time "13:58:36"]
[TimeControl "120+12"]

1. e4 e5 2. Nc3 Nf6 3. Bc4 Nxe4 4. Qh5 Nd6 5. Bb3 Nc6 6. Nb5 g6 7. Qf3 f5 8.
Qd5 Qe7 9. Nxc7+ Kd8 10. Nxa8 b6 11. d3 Bb7 12. Nxb6 axb6 13. Qf3 Nd4 14.
Qh3 Bg7 15. Be3 h5 16. Rc1 g5 17. Kd1 g4 18. Qg3 h4 19. Bg5 Qxg5 20. Qe3
Qxe3 21. fxe3 Bxg2 22. exd4 Bxh1 23. Ke2 exd4 24. Kf2 Bh6 25. Rf1 Be3+ 26.
Ke2 Bxg1 27. Rxg1 Bf3+ 28. Kf2 Re8 29. Kf1 Re2 30. Rh1 f4 31. a4 Nf5 32. Kg1
g3 33. hxg3 hxg3 34. Rh8+ Kc7 35. Re8 Rxe8 36. Kf1 Ne3+ 37. Kg1 Rh8 38. c3
Rh1# {White checkmated} 0-1

[Event "GambitGuide"]
[Site "Internet Chess Club"]
[Date "2014.10.31"]
[Round "1"]
[White "JSBach"]
[Black "TiredDad"]
[Result "1-0"]
[ICCResult "Black resigns"]
[WhiteElo "1665"]
[BlackElo "1400"]
[Opening "Vienna: `Frankenstein-Dracula' variation"]
[ECO "C27"]
[NIC "VG.02"]
[Time "13:57:32"]
[TimeControl "120+12"]

1. e4 e5 2. Nc3 Nf6 3. Bc4 Nxe4 4. Qh5 Nd6 5. Bb3 Nc6 6. Nb5 g6 7. Qf3 f5 8.
Qd5 Qe7 9. Nxc7+ Kd8 10. Nxa8 b6 11. d3 Bb7 12. Nxb6 axb6 13. Qf3 f4 14. Qg4
Qf6 15. Nf3 h5 16. Qg5 Be7 17. Qxf6 Bxf6 18. Bd5 g5 19. h4 g4 20. Ng5 Nb4
21. Bb3 Ba6 22. Bd2 Nc6 23. Bd5 Rh6 24. Ne6+ dxe6 25. Bxc6 e4 26. Bxf4 exd3
27. Bxh6 dxc2 28. Rc1 Bd3 29. Kd2 Bf5 30. Bg5 Bxg5+ 31. hxg5 Nf7 32. Rxh5
Ne5 33. Rh8+ Kc7 34. Ba4 Nc4+ 35. Kc3 Nd6 36. Bxc2 {Black resigns} 1-0

[Event "GambitGuide"]
[Site "Internet Chess Club"]
[Date "2014.10.31"]
[Round "1"]
[White "JSBach"]
[Black "airantrobo"]
[Result "1-0"]
[ICCResult "Black resigns"]
[WhiteElo "1647"]
[BlackElo "1346"]
[Opening "Vienna: `Frankenstein-Dracula' variation"]
[ECO "C27"]
[NIC "VG.02"]
[Time "14:01:21"]
[TimeControl "120+12"]

1. e4 e5 2. Nc3 Nf6 3. Bc4 Nxe4 4. Qh5 Nd6 5. Bb3 Nc6 6. Nb5 g6 7. Qf3 f5 8.
Qd5 Qe7 9. Nxc7+ Kd8 10. Nxa8 b6 11. d3 Bb7 12. Nxb6 axb6 13. Qf3 Bg7 14.
Be3 Kc7 15. Bd5 e4 16. Qe2 Re8 17. dxe4 fxe4 18. c4 Bxb2 19. Qxb2 Nf5 20.
Qxb6+ Kc8 21. Rb1 {Black resigns} 1-0

[Event "GambitGuide"]
[Site "Internet Chess Club"]
[Date "2014.10.31"]
[Round "1"]
[White "JSBach"]
[Black "fearlessone"]
[Result "0-1"]
[ICCResult "White checkmated"]
[WhiteElo "1650"]
[BlackElo "1812"]
[Opening "Vienna: `Frankenstein-Dracula' variation"]
[ECO "C27"]
[NIC "VG.02"]
[Time "13:56:32"]
[TimeControl "120+12"]

1. e4 e5 2. Nc3 Nf6 3. Bc4 Nxe4 4. Qh5 Nd6 5. Bb3 Nc6 6. Nb5 g6 7. Qf3 f5 8.
Qd5 Qe7 9. Nxc7+ Kd8 10. Nxa8 b6 11. d3 Bb7 12. Nxb6 axb6 13. Qf3 e4 14.
dxe4 Nxe4 15. Be3 Bg7 16. Bxb6+ Kc8 17. Qe3 Re8 18. c3 Qd6 19. Rd1 Qf8 20.
Bd5 Nf6 21. Bc4 Rxe3+ 22. Bxe3 Qe7 23. Kf1 Ng4 24. Bb6 Nce5 25. Rd4 Nxc4 26.
Rxc4+ Bc6 27. Nf3 Kb7 28. Rb4 Kc8 29. Rc4 Ne5 30. Nxe5 Bxe5 31. Bc5 Bd6 32.
Bxd6 Qxd6 33. Rd4 Qe5 34. a4 f4 35. h4 f3 36. gxf3 Bxf3 37. Rc4+ Kd8 38. Re4
Qxe4 39. Kg1 Bxh1 40. Kf1 Bf3 41. Kg1 Qxa4 42. b4 Qd1+ 43. Kh2 Qd3 44. Kg1
Qxc3 45. Kh2 Bb7 46. h5 Qc7+ 47. Kh3 Qc3+ 48. Kh2 Qe5+ 49. Kh3 Qxh5+ 50. Kg3
Qg5+ 51. Kh3 Qg2+ 52. Kh4 g5+ 53. Kh5 Bf3+ 54. Kh6 Qxf2 55. Kxg5 Bb7 56. Kg4
Qd4+ 57. Kg5 Qxb4 58. Kh5 Qf8 59. Kh4 Bc8 60. Kg3 Ke7 61. Kh4 Kf6 62. Kg3
Kf5 63. Kh2 Kf4 64. Kg2 Qg7+ 65. Kf2 Qb2+ 66. Kf1 Kf3 67. Ke1 Qe2#
{White checkmated}
0-1

[Event "GambitGuide"]
[Site "Internet Chess Club"]
[Date "2014.10.31"]
[Round "1"]
[White "JSBach"]
[Black "airantrobo"]
[Result "1-0"]
[ICCResult "Black resigns"]
[WhiteElo "1671"]
[BlackElo "1346"]
[Opening "Vienna: `Frankenstein-Dracula' variation"]
[ECO "C27"]
[NIC "VG.02"]
[Time "14:02:45"]
[TimeControl "120+12"]

1. e4 e5 2. Nc3 Nf6 3. Bc4 Nxe4 4. Qh5 Nd6 5. Bb3 Nc6 6. Nb5 g6 7. Qf3 f5 8.
Qd5 Qe7 9. Nxc7+ Kd8 10. Nxa8 b6 11. d3 Bg7 12. Nh3 Bb7 13. Bg5 Bf6 14. Nxb6
axb6 15. g3 Bxg5 16. Nxg5 Qxg5 17. Qxd6 Nd4 18. Qxb6+ Ke7 19. Qxb7
{Black resigns}
1-0

[Event "GambitGuide"]
[Site "Internet Chess Club"]
[Date "2014.10.31"]
[Round "1"]
[White "JSBach"]
[Black "Zaphod"]
[Result "1-0"]
[ICCResult "Black resigns"]
[WhiteElo "1671"]
[BlackElo "1132"]
[Opening "Vienna: `Frankenstein-Dracula' variation"]
[ECO "C27"]
[NIC "VG.02"]
[Time "13:59:12"]
[TimeControl "120+12"]

1. e4 e5 2. Nc3 Nf6 3. Bc4 Nxe4 4. Qh5 Nd6 5. Bb3 Nc6 6. Nb5 g6 7. Qf3 f5 8.
Qd5 Qe7 9. Nxc7+ Kd8 10. Nxa8 b6 11. d3 Bb7 12. Nxb6 axb6 13. Qf3 Nd4 14.
Qg3 f4 15. Qg4 e4 16. Kf1 e3 17. Bxe3 fxe3 18. Qxd4 e2+ 19. Nxe2 Nf5 20.
Qxh8 Bxg2+ 21. Kxg2 Qxe2 22. Qxf8+ Kc7 23. Rhe1 Qg4+ 24. Kf1 Qh3+ 25. Kg1
Qg4+ 26. Kf1 Qh3+ 27. Kg1 Qg4+ 28. Kf1 Nh4 29. Re7 Qg2+ 30. Ke2 Qg4+ 31. Kd2
Nf3+ 32. Ke3 Nxh2 33. Rxh7 Qg5+ 34. Qf4+ {Black resigns} 1-0

[Event "GambitGuide"]
[Site "Internet Chess Club"]
[Date "2014.10.31"]
[Round "1"]
[White "JSBach"]
[Black "almoehi"]
[Result "1-0"]
[ICCResult "Black resigns"]
[WhiteElo "1671"]
[BlackElo "1458"]
[Opening "Vienna: `Frankenstein-Dracula' variation"]
[ECO "C27"]
[NIC "VG.02"]
[Time "14:03:26"]
[TimeControl "120+12"]

1. e4 e5 2. Nc3 Nf6 3. Bc4 Nxe4 4. Qh5 Nd6 5. Bb3 Nc6 6. Nb5 g6 7. Qf3 f5 8.
Qd5 Qe7 9. Nxc7+ Kd8 10. Nxa8 b6 11. d3 e4 12. dxe4 Nxe4 13. Be3 f4 14. Nxb6
axb6 15. Bxb6+ Ke8 16. O-O-O Nxf2 17. Bxf2 {Black resigns} 1-0

[Event "GambitGuide"]
[Site "Internet Chess Club"]
[Date "2014.10.31"]
[Round "1"]
[White "JSBach"]
[Black "sylvester"]
[Result "1-0"]
[ICCResult "Black resigns"]
[WhiteElo "1679"]
[BlackElo "1553"]
[Opening "Vienna: `Frankenstein-Dracula' variation"]
[ECO "C27"]
[NIC "VG.02"]
[Time "13:59:03"]
[TimeControl "120+12"]

1. e4 e5 2. Nc3 Nf6 3. Bc4 Nxe4 4. Qh5 Nd6 5. Bb3 Nc6 6. Nb5 g6 7. Qf3 f5 8.
Qd5 Qe7 9. Nxc7+ Kd8 10. Nxa8 b6 11. d3 Bb7 12. Nxb6 axb6 13. Qf3 Nd4 14.
Qg3 f4 15. Qg4 h5 16. Qxg6 Rh6 17. Qg8 Qf6 18. Ne2 Rg6 19. Qh7 Bxg2 20. Nxd4
exd4 21. Rg1 Qe5+ 22. Kd2 Qf6 23. Qxh5 f3 24. Kd1 Be7 25. Re1 Nf5 26. Bd5
Ne3+ 27. Bxe3 dxe3 28. Rxe3 Bc5 29. Re1 Bxf2 30. Re5 Bd4 31. Rf5 Qd6 32. c3
Be5 33. Rxe5 f2 34. Ke2 f1=Q+ 35. Rxf1 Bxf1+ 36. Kxf1 Qc5 37. Qxg6
{Black resigns}
1-0

[Event "GambitGuide"]
[Site "Internet Chess Club"]
[Date "2014.10.31"]
[Round "1"]
[White "JSBach"]
[Black "fearlessone"]
[Result "1-0"]
[ICCResult "Black resigns"]
[WhiteElo "1683"]
[BlackElo "1812"]
[Opening "Vienna: `Frankenstein-Dracula' variation"]
[ECO "C27"]
[NIC "VG.02"]
[Time "14:03:51"]
[TimeControl "120+12"]

1. e4 e5 2. Nc3 Nf6 3. Bc4 Nxe4 4. Qh5 Nd6 5. Bb3 Nc6 6. Nb5 g6 7. Qf3 f5 8.
Qd5 Qe7 9. Nxc7+ Kd8 10. Nxa8 b6 11. d3 Bb7 12. Nxb6 axb6 13. Qf3 Bg7 14.
Qg3 e4 15. Bg5 Bf6 16. Bxf6 Qxf6 17. Rd1 f4 18. Qh3 exd3 19. Qxd3 Re8+ 20.
Ne2 Qe7 21. O-O Qxe2 22. Qxd6 Qe7 23. Qxf4 g5 24. Qf5 Rf8 25. Rxd7+ Qxd7 26.
Qxf8+ Kc7 27. Re1 Nd4 28. Re7 Ne2+ 29. Kf1 Bxg2+ 30. Kxe2 {Black resigns}
1-0